 Dungeon Crawl Stone Soup version 0.31-a0-16-g6d2539766c (webtiles) character file.

Game seed: 2024104650896344101

1 IdlyInterested the Vexing (level 1, -1/15 HPs)
             Began as a Demonspawn Wanderer on May 8, 2023.
             Frozen to death by an endoplasm (2 damage)
             ... on level 1 of the Dungeon.
             The game lasted 00:02:25 (194 turns).

IdlyInterested the Vexing (Demonspawn Wanderer)      Turns: 194, Time: 00:02:25

Health: -1/15      AC:  3    Str: 13    XL:     1   Next: 16%
Magic:  2/2        EV: 11    Int: 13    God:
Gold:   10         SH:  4    Dex: 11    Spells: 1/2 levels left

rFire   . . .        f - +0 mace
rCold   . . .        c - +0 buckler
rNeg    . . .        e - +0 leather armour
rPois   .            (no helmet)
rElec   .            (no cloak)
rCorr   .            (no gloves)
SInv    .            (no boots)
Will    .....        (no amulet)
Stlth   +            (no ring)
HPRegen 0.22/turn    (no ring)
MPRegen 0.08/turn

%: no passive effects
@: no status effects
A: no striking features
a: no special abilities


You were on level 1 of the Dungeon.
You visited 1 branch of the dungeon, and saw 1 of its levels.

You collected 10 gold pieces.

Inventory:

Hand Weapons
 a - a +0 club
 f - a +0 mace (weapon)
Missiles
 b - 4 throwing nets (quivered)
Armour
 c - a +0 buckler (worn)
 e - a +0 leather armour (worn)
Scrolls
 h - a scroll of identify {unknown}
Potions
 d - a potion of heal wounds
 g - a potion of lignification {unknown}


   Skills:
 * Level 1.1 Fighting
 - Level 2.6 Dodging
 - Level 1.7 Shields
 - Level 1.0 Spellcasting
 * Level 3.0 Hexes


You had one spell level left.
You knew the following spells:

 Your Spells              Type           Power      Damage    Failure   Level
a - Slow                  Hex            32%        N/A       14%         1

Your spell library contained the following spells:

 Spells                   Type           Power      Damage    Failure   Level
 Summon Guardian Golem    Hex/Summ       4%         N/A       63%         3


Dungeon Overview and Level Annotations

Branches:
Dungeon (1/15)

Altars:


Message History

The kobold closely misses you.
You closely miss the kobold.
The kobold is severely wounded.
The kobold hits you with a +0 whip.
You hit the kobold.
You kill the kobold!
Things that are here:
a +0 whip; a kobold corpse A bat comes into view.
Found an escape hatch in the floor.
The bat misses you.
You hit the bat but do no damage. You block the bat's attack.
The bat closely misses you.
You miss the bat. The bat closely misses you.
An endoplasm comes into view.
You block the bat's attack.
You closely miss the bat. The bat hits you.
You hit the endoplasm.
The endoplasm is lightly wounded.
The bat hits you but does no damage. The endoplasm freezes you.
You are frozen.
The endoplasm freezes you.
You are frozen.
You hit the endoplasm.
The endoplasm is heavily wounded.
The bat barely misses you. You block the bat's attack.
The endoplasm freezes you.
You are frozen.
* * * LOW HITPOINT WARNING * * *
The bat hits you.
* * * LOW HITPOINT WARNING * * *
You hit the endoplasm.
The endoplasm is severely wounded.
The bat misses you. The bat completely misses you. The endoplasm freezes you.
You are frozen.
* * * LOW HITPOINT WARNING * * *
The endoplasm freezes you.
You are frozen.
You die...

# ##### .#....
####.#.. >
.$#.#.## ..
.###
......##.#
.....#...#...#
#..J....##.#.
#@........
#.##b####...
#.#........#
#.#..#####.#
#.#...###
#.#)....#
#.#...#.#
#.#.###.#
##.#.## #


You could see an endoplasm and a bat.

Vanquished Creatures
  A ball python (D:1)
  A kobold (D:1)
2 creatures vanquished.

Notes
Turn   | Place    | Note
-------+----------+-------------------------------------------
     0 | D:1      | IdlyInterested the Demonspawn Wanderer began the quest for
                  | the Orb.
     0 | D:1      | IdlyInterested set off with the following items: a +0 club,
                  | 4 throwing nets, a +0 buckler, a potion of heal wounds, a
                  | +0 leather armour; and the following spell memorised: Slow;
                  | and the following spells available to memorise: Summon
                  | Guardian Golem.
     0 | D:1      | Reached XP level 1. HP: 15/15 MP: 2/2
   194 | D:1      | Frozen to death by an endoplasm

Illustrated notes

Levels and vault maps discovered:
D:1:      dpeg_arrival_water_fire, layout_loops_ring,
          chequers_ecumenical_altar_twisty

Action                     || total
---------------------------++-------
  Melee: Mace              ||    11
 Armour: Leather armour    ||     3
  Dodge: Dodged            ||     8
  Block: Buckler           ||     4

Table legend: (Time is in decaauts)
 A = Elapsed time spent in this place.
 B = Non-inter-level travel time spent in this place.
 C = Inter-level travel time spent in this place.
 D = Time resting spent in this place.
 E = Time spent auto-exploring this place.
 F = Levels seen in this place.
 G = Mean time per level.
                   A        B        C        D        E       F      G
               +--------+--------+--------+--------+--------+-----+--------+
         Total |    198 |     79 |    119 |      0 |     35 |   1 |  198.0 |
       Dungeon |    198 |     79 |    119 |      0 |     35 |   1 |  198.0 |
               +--------+--------+--------+--------+--------+-----+--------+

Top non-repeatable levels by time:
     D:1: 198 daAuts
